Cogmind - Beta 11 @@@ ROGUE MODE // 2022.04.18 @ 17:49:55 Player: Timm35 Result: Destroyed by L-31 Rogue with Katana Performance ------------- Evolutions (1) 500 Regions Visited (3) 600 Robots Destroyed (23) 115 Value Destroyed (597) 597 Prototype IDs (3) 60 Alien Tech Used (0) 0 Bonus (8) 8 TOTAL SCORE: 1880 Bonus ------- High Alert Combat Kills 8 Cogmind --------- Core Integrity 0/400 Matter 143/300 Energy 532/540 System Corruption 1% Temperature Cool (0) Movement Core (350) Ox6 Location -9/Materials Parts ------- > --- POWER (2) -------- Cooled Ion Engine Light Nuclear Core > --- PROPULSION (3) --- (None) > --- UTILITY (2) ------ Large Battery Terrain Scanner > --- WEAPON (2) ------- Small Laser Improved Datajack > --- INVENTORY (5) ---- Light Nuclear Core Advanced Targeting Computer Peak State ------------ > --- POWER ------------ Cooled Ion Engine Light Nuclear Core > --- PROPULSION ------- Aluminum Leg > --- UTILITY ---------- Large Battery Terrain Scanner > --- WEAPON ----------- Small Laser EMP Blaster > --- INVENTORY -------- Light Nuclear Core Advanced Targeting Computer Improved Datajack Welding Torch [Rating: 13] Favorites ----------- Power Light Ion Engine Engine Light Ion Engine Power Core Light Nuclear Core Propulsion Compact Wheel Leg Aluminum Leg Wheel Compact Wheel Utility Large Battery Device Terrain Scanner Storage Large Battery Protection Light Armor Plating Weapon Small Laser Energy Gun Small Laser Launcher Rocket Launcher Special Melee Weapon Improved Datajack Build | -11 -10 -10 -9 ------- Run | Scr Mat Min Mat Slots Evolved 2 | . . . 2 Power 1 | . . . 1 Propulsion 1 | . . . 1 Utility . | . . . . Weapon . | . . . . Parts Attached 22 | 4 1 5 12 Power 5 | 1 . . 4 Engine 4 | 1 . . 3 Core 1 | . . . 1 Reactor . | . . . . Propulsion 4 | 1 . 2 1 Treads . | . . . . Leg 2 | 1 . . 1 Wheel 2 | . . 2 . Hover . | . . . . Flight . | . . . . Utility 3 | . 1 1 1 Device 1 | . . . 1 Storage 1 | . 1 . . Processor . | . . . . Hackware . | . . . . Protection 1 | . . 1 . Artifact . | . . . . Weapon 10 | 2 . 2 6 Energy Gun 5 | 2 . 1 2 Energy Cannon . | . . . . Ballistic Gun . | . . . . Ballistic Cannon . | . . . . Launcher 3 | . . 1 2 Special Weapon 1 | . . . 1 Impact Weapon . | . . . . Slashing Weapon . | . . . . Piercing Weapon . | . . . . Special Melee Weapon 1 | . . . 1 Unidentified Prototypes . | . . . . Parts Lost 11 | . . . 11 Power 3 | . . . 3 Propulsion 2 | . . . 2 Utility 1 | . . . 1 Weapon 5 | . . . 5 Highest Loss Streak 8 | . . . 8 To Critical Strikes . | . . . . Average Slot Usage (%) 83 | . 61 92 68 Engine 14 | . 14 14 14 Leg 5 | . 14 4 6 Wheel 13 | . . 19 6 Device 1 | . . . 6 Storage 12 | . 4 14 11 Protection 8 | . . 11 2 Energy Gun 15 | . 28 17 9 Launcher 9 | . . 10 9 Naked Turns . | . . . . Heaviest Build 22 | 5 8 15 22 Greatest Support 26 | 10 10 26 26 Greatest Overweight (x) 5 | . . 1 5 Average Overweight (x) . | . . . . Largest Inventory Capacity 5 | 5 5 5 5 Average Capacity 5 | 5 5 5 5 Most Carried 5 | 4 2 3 5 Average Carried 1 | 1 1 1 1 Final Capacity 5 | 5 5 5 5 Final Carried 2 | 1 1 2 2 Class Distribution -------------------- 100% | Mutant Dominant Class ---------------- Mutant | -10/Materials Mutant | -10/Mines Mutant | -9/Materials Resources | -11 -10 -10 -9 ----------- Run | Scr Mat Min Mat Matter Collected 446 | 235 . 153 58 Remotely . | . . . . Salvage Created 759 | . . 183 576 Parts 41 | . . 11 30 Haulers Intercepted . | . . . . Recyclers Shooed 2 | . . 1 1 Parts Field Recycled . | . . . . Retrieved Matter . | . . . . Parts Self-Destructed . | . . . . Prevented . | . . . . Kills | -11 -10 -10 -9 ------- Run | Scr Mat Min Mat Combat Hostiles Destroyed 14 | . . 2 12 AOE 14 | . . 2 12 Classes Destroyed 7 | . . 4 3 Builder 4 | . . 2 2 Tunneler 2 | . . 2 . Recycler 2 | . . 1 1 Watcher 1 | . . . 1 Grunt 12 | . . 2 10 Brawler 1 | . . . 1 Sentry 1 | . . . 1 Best Kill Streak 8 | . . 5 8 Combat Bots Only 5 | . . 2 5 Max Kills in Single Turn 4 | . . 1 4 Gunslinging . | . . . . Exploded 3 | . . 1 3 Melee . | . . . . Uniques/NPCs Destroyed . | . . . . Combat | -11 -10 -10 -9 -------- Run | Scr Mat Min Mat Damage Taken 1366 | . 143 140 1083 Core 496 | . 86 9 401 Absorbed by Shields . | . . . . Core Remaining (%) 81 | 100 . 62 . Volleys Fired 38 | . . 13 25 Largest 2 | . . 2 2 Hottest 83 | . . 83 83 Shots Fired 61 | . . 25 36 Gun 35 | . . 13 22 Cannon . | . . . . Launcher 26 | . . 12 14 Special . | . . . . Kinetic . | . . . . Thermal 35 | . . 13 22 Explosive 17 | . . 12 5 Electromagnetic 9 | . . . 9 Robot Hit Streak 8 | . . 4 8 Robot Miss Streak 3 | . . 2 3 Penetration Max . | . . . . Secondary Targets . | . . . . Shots Hit Robots 40 | . . 16 24 Core Hits 33 | . . 11 22 Critical Kills . | . . . . Critical Parts Destroyed . | . . . . Critical Strikes 2 | . . 1 1 Burn 2 | . . 1 1 Melee Attacks 2 | . . . 2 Impact . | . . . . Slashing . | . . . . Piercing . | . . . . Sneak Attacks . | . . . . Combat Hostiles . | . . . . Follow-up Attacks . | . . . . Damage Inflicted 1698 | . . 466 1232 Guns 236 | . . 100 136 Cannons . | . . . . Explosions 1462 | . . 366 1096 Melee . | . . . . Ramming . | . . . . Kinetic . | . . . . Thermal 581 | . . 100 481 Explosive 860 | . . 366 494 Electromagnetic 257 | . . . 257 Impact . | . . . . Slashing . | . . . . Piercing . | . . . . Highest Corruption 2 | . 2 2 1 Average Corruption 1 | . 1 2 1 Corruption Purged . | . . . . Corruption Blocked . | . . . . Effects 7 | . . 5 2 Matter Fused 1 | . . . 1 Heat Flow Errors 2 | . . 1 1 Data Loss (major) 2 | . . 2 . Alerts 1 | . . 1 . Weapon Failures 1 | . . 1 . Overload Shots . | . . . . Overflow Damage 48 | . . 4 44 Projectiles . | . . . . Explosions 48 | . . 4 44 Melee . | . . . . Knockbacks . | . . . . Impact . | . . . . Kinetic . | . . . . Secondary . | . . . . Self-Inflicted Damage 267 | . . 70 197 Shots 9 | . . 2 7 Rammed . | . . . . Targets Rammed . | . . . . Kicked . | . . . . Crushed . | . . . . Highest Temperature 234 | . . 212 234 Average Temperature 72 | . . 49 88 Received Heat Transfer 486 | . 78 42 366 Siege Activations . | . . . . Robots Corrupted . | . . . . Combat Hostiles . | . . . . Parts Fried . | . . . . Impact Corruptions . | . . . . Robots Melted . | . . . . Combat Hostiles . | . . . . Parts Melted 1 | . . 1 . Heat Transferred 1330 | . . 335 995 Parts Sabotaged . | . . . . Parts Stolen . | . . . . Parts Stripped . | . . . . Power Chain Reactions 4 | . . . 4 Missiles Intercepted . | . . . . Alert | -11 -10 -10 -9 ------- Run | Scr Mat Min Mat Peak Influence 438 | . 5 248 438 Initial 50 | . . 1 50 Average 153 | . 2 117 294 Maximum Alert Level 2 | . . 1 2 Low Security (%) 53 | 100 100 60 17 Level 1 45 | . . 39 78 Level 2 1 | . . . 4 Level 3 . | . . . . Level 4 . | . . . . Level 5 . | . . . . High Security . | . . . . Max Security . | . . . . Squads Dispatched 1 | . 1 . . Investigation 1 | . 1 . . Extermination . | . . . . Reinforcement . | . . . . Assault . | . . . . Garrison . | . . . . Intercept . | . . . . Searches Triggered . | . . . . Construction Impeded . | . . . . Haulers Reinforced . | . . . . Active Scanning Responses . | . . . . Cargo Convoy Interrupts . | . . . . Stealth | -11 -10 -10 -9 --------- Run | Scr Mat Min Mat Distress Signals 1 | . . . 1 Communications Jammed . | . . . . Distress Signals . | . . . . Times Spotted 22 | . 3 2 17 Peak Tracking Total 5 | . 3 2 5 Tactical Retreats 1 | . . . 1 Traps | -11 -10 -10 -9 ------- Run | Scr Mat Min Mat Traps Triggered . | . . . . Indirectly . | . . . . Trap Hack Attempts . | . . . . Triggered . | . . . . Disarmed . | . . . . Reprogrammed . | . . . . Reused . | . . . . Traps Extracted . | . . . . Installed . | . . . . Triggered . | . . . . Machines | -11 -10 -10 -9 ---------- Run | Scr Mat Min Mat Machines Disabled 2 | . . . 2 Max in Single Turn 1 | . . . 1 Machines Sabotaged . | . . . . Garrisons Compromised . | . . . . Overloaded Fab Kills . | . . . . Hacking | -11 -10 -10 -9 --------- Run | Scr Mat Min Mat Machines Accessed 4 | . 2 . 2 Terminals 3 | . 2 . 1 Fabricators . | . . . . Repair Stations . | . . . . Recycling Units . | . . . . Scanalyzers 1 | . . . 1 Garrison Access . | . . . . Total Hacks 10 | . 5 . 5 Successful 4 | . 1 . 3 Failed 6 | . 4 . 2 Catastrophic . | . . . . Database Lockouts . | . . . . Manual . | . . . . Terminals 8 | . 5 . 3 Fabricators . | . . . . Repair Stations . | . . . . Recycling Units . | . . . . Scanalyzers 2 | . . . 2 Garrison Access . | . . . . Terminal Hacks 2 | . 1 . 1 Prototype ID Bank 2 | . 1 . 1 Fabricator Hacks . | . . . . Repair Station Hacks . | . . . . Recycling Unit Hacks . | . . . . Scanalyzer 2 | . . . 2 Insert Component 1 | . . . 1 Analyze 1 | . . . 1 Garrison Access Hacks . | . . . . Unauthorized Hacks . | . . . . Terminals . | . . . . Fabricators . | . . . . Repair Stations . | . . . . Recycling Units . | . . . . Scanalyzers . | . . . . Garrison Access . | . . . . Data Cores Recovered . | . . . . Used . | . . . . Hacking Detections 3 | . 2 . 1 Full Trace Events 2 | . 2 . . Feedback Events 2 | . 2 . . Corruption 2 | . 2 . . Feedback Blocked . | . . . . Robot Schematics Acquired . | . . . . Robots Built . | . . . . Authchips . | . . . . Time . | . . . . Total Robot Build Rating . | . . . . Part Schematics Acquired 1 | . . . 1 Parts Built . | . . . . Authchips . | . . . . Time . | . . . . Total Part Build Rating . | . . . . Parts Repaired . | . . . . Time . | . . . . Parts Recycled . | . . . . Recycled Matter . | . . . . Retrieved Matter . | . . . . Retrieved Components . | . . . . Parts Scanalyzed 1 | . . . 1 Part Schematics Acquired 1 | . . . 1 Parts Damaged . | . . . . Bothacking | -11 -10 -10 -9 ------------ Run | Scr Mat Min Mat Used RIF Installer . | . . . . Robots Hacked 1 | . . . 1 Non-combat . | . . . . Combat 1 | . . . 1 Robot Hacks Applied 1 | . . . 1 parse_system 1 | . . . 1 Relay Couplers Released . | . . . . Fabnet Peak Effective % . | . . . . Robots Rewired . | . . . . Allies Hacked . | . . . . Hacks Repelled . | . . . . Allies | -11 -10 -10 -9 -------- Run | Scr Mat Min Mat Total Allies . | . . . . Largest Group . | . . . . Highest-Rated Group . | . . . . Highest-Rated Ally . | . . . . Total Orders . | . . . . Ally Attacks . | . . . . Total Damage . | . . . . Kills . | . . . . Allies Corrupted . | . . . . Allies Melted . | . . . . Intel | -11 -10 -10 -9 ------- Run | Scr Mat Min Mat Robot Analysis Total . | . . . . Derelict Logs Recovered 1 | . . 1 . Drone Launches . | . . . . Drone Recoveries . | . . . . Exploration | -11 -10 -10 -9 ------------- Run | Scr Mat Min Mat Turns Passed 915 | 44 66 548 257 Spaces Moved 695 | 36 54 497 108 Core 12 | 10 . . 2 Treads . | . . . . Legs 240 | 26 54 102 58 Wheels 443 | . . 395 48 Hover . | . . . . Flight . | . . . . Fastest Speed 50 | 50 120 90 90 Average Speed 110 | 100 120 100 155 Slowest Speed 300 | 120 120 190 300 Overloaded Moves . | . . . . Propulsion Burnouts . | . . . . Robots Hopped . | . . . . Cave-ins Triggered . | . . . . Exploration Rate (%) 27 | 3 9 82 15 Regions Visited 3 Branch Regions 1 Pre-discovered Areas . | . . . . Known Exits Taken . | . . . . Unknown Exits Taken 3 | 1 1 1 . Scrap Searched 1 | . . 1 . Spaces Dug . | . . . . Terrain Destroyed 141 | . . 99 42 Melee . | . . . . Projectile . | . . . . AOE 141 | . . 99 42 Terrain Rammed . | . . . . Walls Destroyed . | . . . . Machines Disabled . | . . . . Actions | -11 -10 -10 -9 --------- Run | Scr Mat Min Mat Total 783 | 44 55 522 162 Wait . | . . . . Move 692 | 35 53 496 108 Hop . | . . . . Pick Up 24 | 5 1 5 13 Fast Attach . | . . . . Attach 22 | 4 1 5 12 Detach 1 | . . 1 . Swap . | . . . . Drop 4 | . . 2 2 Fire 38 | . . 13 25 Melee 2 | . . . 2 Ram . | . . . . Kick . | . . . . Crush . | . . . . Escape Stasis . | . . . . Rewire . | . . . . Trap . | . . . . Miscellaneous . | . . . . Route ------- -11/Scrapyard -10/Materials -10/Mines (discovered 2 exits: *Mat x2) -9/Materials (discovered 1 exit: [*Mat]) History --------- Turn | Location | Event 3 | -11/Scrapyard | Discovered new exit (range 16) 45 | -11/Scrapyard | Entered Materials 71 | -10/Materials | Discovered new exit (range 4) 111 | -10/Materials | Entered Mines 119 | -10/Mines | Met a Derelict bent on vengeance 155 | -10/Mines | Learned Materials non-interactive machine intel 194 | -10/Mines | Discovered new exit (range 8) 211 | -10/Mines | Received a Rocket Launcher from a helpful Derelict 303 | -10/Mines | Build established: Mutant 399 | -10/Mines | Discovered new exit (range 8) 659 | -10/Mines | Entered Materials 659 | -9/Materials | Evolved 2 slots: Power x1, Propulsion x1 660 | -9/Materials | Loaded intel: 42 non-interactive machine locations 748 | -9/Materials | Core integrity fell below 50% 778 | -9/Materials | Lost 8 parts (3p2n1u2w) 820 | -9/Materials | Discovered new exit (range 16) 909 | -9/Materials | Core integrity fell below 20% 916 | -9/Materials | Destroyed by L-31 Rogue with Katana Last Messages --------------- 00820_ EXIT=FOUND 00835_ Acquired Adv. Targeting Computer. 00838_ Acquired Lgt. Nuclear Core. 00859_ G-34 Mercenary destroyed. 00863_ R-06 Scavenger collects Corrupted Aluminum Leg. 00864_ Acquired Imp. Datajack. 00899_ Acquired Rocket Launcher. 00901_ Aluminum Leg severed. 00902_ Dropped Sml. Laser. 00904_ G-34 Mercenary destroyed. 00904_ EMP Blaster destroyed. 00904_ Destroyed EMP Blaster. 00906_ Rocket Launcher destroyed. 00908_ Jacked L-31 Rogue... >>parse_system Reading system data... 00909_ Welding Torch destroyed. 00913_ U-05 Engineer lays Concrete. 00914_ Acquired Sml. Laser. 00914_ U-05 Engineer builds a Wall. Map ----- +----------------------------------------------------+ | | | | | | | | | | | | | | | | | | | | | | | | | | | | | | | ???????????????????????#?????????????????????????? | | ??????????????????#???#??????????????????????????? | | ?????????????????????????????????????????????????? | | ??????????????????????#??????????????????????????? | | ???????????????????????????#?????????????????????? | | ?????????????????#???#???????????????????????????? | | ?????????????????????????#????????#"?????????????? | | ???????????????????########??#???????????????????? | | ????????????????#### ##?? ??????????????????? | | ?????????????#??# l= ##?? ??????? ?????????? | | ????????#???????# < *%% @ #??????""""???????????? | | ????????????????# # ="""g#??????""""???????????? | | ??????????? "???+ u """ #??????""""???????????? | | ????????????????# # """ #?????????????????????? | | ????????????????# # #???? ?? ?????????????? | | ?????????????? ?# ########?#???????????????????? | | ????????######### ######???????????????????????? | | ?? ?? /#????#???????????????????? | | ????? % //#??????????"""???????????? | | ??############### !!#??????????"""???????????? | | ??# # !#?#??#?????"""???????????? | | ??# """ """ # *#????????????????????????? | | ??# """ """ ""# *#????????????????????????? | | ??# """ """ ! T"# ######???????????????????????? | | ??# ""# #?????#??????????????????????? | | ??# # #????????????????????????????? | | ??# ### #####+### #???????#????????????????????? | | ??# #????????????????????????????? | | ### = % #????#???????#???????????????? | | !! #?????#??????????????????????? | | % %###############????????????????????????????? | | %== ##???????????????????????????????????????? | | !%! ##????#??#???##??????????????????????????? | | ##???????????????????????????????????????? | | # # ###???????##??????????????????????????? | +----------------------------------------------------+ Best States ------------- Heat Dissipation 28 Energy Generation 23 Energy Capacity 660 Matter Stores 300 Matter Capacity 300 Sight Range 16 Terrain Scan Range 14 Terrain Scan Density 10 Armor Coverage 150 Evasion (%) 55 Item Schematics ----------------- Aluminum Leg | -9/Materials | Scanalyzed Robot Schematics ------------------ None Fabricated ------------ Nothing Alien Tech Used ----------------- None Achievements -------------- Let's See Who's Tougher Challenges ------------ None Game ------ Seed SchematicSpacefoldTorch Manual? 0 Play Time 00:14:14 Cumulative 5.3 hours Start 2022.04.18 @ 17:35:43 End 2022.04.18 @ 17:49:55 Sessions 1 Manual Loads 0 Difficulty Rogue Special Mode None Game No. 13 Rogue 13 Adventurer 0 Explorer 0 Win Type - Total 0 Types 0/0/0/0/0/0/0/0/0 Lore% 3 Gallery% 9 Achievement% 8 Wizard Run 0 Options --------- ASCII 0 Keyboard 0 Movement Mouse Keybinds 0 Fullscreen 1 Font 18/X11Bold Map View 76x50 Tactical HUD 1 Map Filters NONE Filters NONE Steam 1 RUN: f02931e9-aca0-4d19-b40e-8ea787e2f2f9